 Dungeon Crawl Stone Soup version 0.29.0-13-gc9e81de378 (webtiles) character file.

Game seed: 6595070061015955140

73 Ashen the Chiller (level 4, 0/32 HPs)
             Began as a Demonspawn Ice Elementalist on Sept 8, 2022.
             Slain by an orc wizard
             ... wielding a +0 dagger
              (1 damage)
             ... on level 2 of the Dungeon.
             The game lasted 00:06:54 (3459 turns).

Ashen the Chiller (Demonspawn Ice Elementalist)     Turns: 3459, Time: 00:06:55

Health: 0/32       AC:  2    Str:  8    XL:     4   Next: 8%
Magic:  1/7        EV: 12    Int: 19    God:
Gold:   179        SH:  0    Dex: 13    Spells: 1/8 levels left

rFire   . . .      SeeInvis .   l - +0 rapier
rCold   . . .      Faith    .   (no shield)
rNeg    . . .      Spirit   .   a - +0 robe
rPois   .          Reflect  .   (helmet restricted)
rElec   .          Harm     .   (no cloak)
rCorr   .          Rampage  .   (no gloves)
Will    .....                   (no boots)
Stlth   +.........              (no amulet)
HPRegen 0.10/turn               k - ring of wizardry
MPRegen 0.10/turn               (no ring)

@: confused, very slightly contaminated
A: antennae 2, spiny 1
a: no special abilities


You were on level 2 of the Dungeon.
You visited 1 branch of the dungeon, and saw 3 of its levels.

You collected 179 gold pieces.

Inventory:

Hand Weapons
 l - a +0 rapier (weapon)
Armour
 a - a +0 robe (worn)
Magical Staves
 s - a staff of poison
Jewellery
 k - a ring of wizardry (left hand)
 r - a ring of resist corrosion
Scrolls
 c - a scroll of immolation {unknown}
 d - 3 scrolls of torment {unknown}
 e - a scroll of silence {unknown}
 g - a scroll of amnesia {unknown}
 h - a scroll of teleportation {unknown}
 i - a scroll of brand weapon {unknown}
 m - 2 scrolls of butterflies {unknown}
 n - a scroll of summoning {unknown}
 o - a scroll of noise {unknown}
 q - a scroll of poison {unknown}
Potions
 b - a potion of magic
 f - a potion of degeneration {unknown}
 j - a potion of might {unknown}


   Skills:
 + Level 1.4 Fighting
 + Level 2.3 Dodging
 + Level 2.4 Stealth
 + Level 2.5 Spellcasting
 + Level 4.0 Ice Magic


You had one spell level left.
You knew the following spells:

 Your Spells              Type           Power      Damage    Failure   Level
a - Freeze                Ice            68%        1d8       1%          1
b - Frozen Ramparts       Ice            34%        1d6       4%          3
c - Ozocubu's Armour      Ice            17%        N/A       4%          3

Your spell library contained the following spells:

 Spells                   Type           Power      Damage    Failure   Level
 Ensorcelled Hibernation  Hex/Ice        18%        N/A       4%          2
 Passwall                 Tmut/Erth      1%         N/A       10%         2
 Swiftness                Air            2%         N/A       19%         3
 Hailstorm                Conj/Ice       9%         3d4       26%         4
 Passage of Golubria      Tloc           2%         N/A       52%         4
 Silence                  Hex/Air        1%         N/A       85%         5
 Lehudib's Crystal Spear  Conj/Erth      1%         10d2      100%        8


Dungeon Overview and Level Annotations

Branches:
Dungeon (3/15)

Altars:

Annotations:
D:2 Terence


Innate Abilities, Weirdness & Mutations

You have a pair of antennae on your head.
You are partially covered in sharp spines.


Message History

Casting: Frozen Ramparts (dangerous; 4% risk of failure)
Confirm with . or Enter, or press ? or * to list all spells.
Casting: Frozen Ramparts (dangerous; 4% risk of failure)
Press: ? - help, Dir - look around, f - activate The walls around you are covered in ice.
The wall freezes the orc priest.
The orc priest barely misses you.
The wall freezes something.
Something hits you.
* * * LOW HITPOINT WARNING * * *
It was a potion of curing.
You feel better.
The wall freezes the orc priest.
The orc priest closely misses you.
The wall freezes something but does no damage.
You hear some strange, mumbled words.
Something tries to affect you, but you resist.
You feel better.
The wall freezes the orc priest.
The orc priest hits you with a +0 club.
The wall freezes something.
You hear some strange, mumbled words.
You are confused.
Unknown command.
You're too confused to attack without stumbling around!
Your frozen ramparts will break if you move.
Continue?
You're too confused to move!
The wall freezes the orc priest.
The orc priest begins to cast a cantrip, but forgets the words!
The wall freezes something.
You hear some strange, mumbled words.
You are more confused.
Unknown command.
An orc priest is nearby!
An orc priest is nearby!
Your frozen ramparts will break if you move.
Continue? [Y]es or [N]o only, please.
Your frozen ramparts will break if you move.
Continue?
Something hits you.
The frozen ramparts melt away as you move.
The orc priest looks satisfied for a moment.
You barely miss something.
The orc priest invokes the aid of Beogh against you.
Beogh smites you!
* * * LOW HITPOINT WARNING * * *
Something hits you.
You die...

....#########'#############...###
......†.)).......#............##.
.@...########....#............#..
#.##...........#.#..)........###.
#.###......###.#.#..>.>...[..##.#
#..........###.#.#...........#...
#.###..........#.#...........###.
......###........o.........###...
......# #.......@{########.##(#.#
......# #..............# #..#....
.<....# #.........####.# ##.#####
......###..............# #.)....
...................##### #######
.....#####.........#
.........'.........#
.....#####.........# .....#
#.........#


You could see an orc priest.

Vanquished Creatures
  2 adders (D:2)
  A dart slug (D:2)
  2 orcs (D:2)
  2 endoplasms (D:2)
  4 giant cockroaches (D:1)
  4 goblins
  8 hobgoblins
  3 quokkas
  4 ball pythons
  4 bats
  5 frilled lizards
  4 kobolds
  4 rats
47 creatures vanquished.

Notes
Turn   | Place    | Note
-------+----------+-------------------------------------------
     0 | D:1      | Ashen the Demonspawn Ice Elementalist began the quest for
                  | the Orb.
     0 | D:1      | Reached XP level 1. HP: 13/13 MP: 3/3
   469 | D:1      | Gained mutation: You have a pair of small antennae on your
                  | head. [demonic ancestry]
   469 | D:1      | Reached XP level 2. HP: 20/20 MP: 3/5
   737 | D:1      | Found a faded altar of an unknown god.
  1495 | D:2      | Noticed Terence
  1566 | D:2      | Reached skill level 1 in Fighting
  1566 | D:2      | Gained mutation: You have a pair of antennae on your head.
                  | [demonic ancestry]
  1566 | D:2      | Reached XP level 3. HP: 14/26 MP: 0/6
  2876 | D:2      | Learned a level 3 spell: Frozen Ramparts
  3272 | D:2      | Gained mutation: You are partially covered in sharp spines.
                  | [demonic ancestry]
  3272 | D:2      | Reached XP level 4. HP: 15/32 MP: 7/7
  3273 | D:2      | Reached skill level 4 in Ice Magic
  3288 | D:2      | Learned a level 3 spell: Ozocubu's Armour
  3454 | D:2      | HP: 1/32 [something (2)]
  3459 | D:2      | HP: 1/32 [orc priest/divine providence (10)]
  3459 | D:2      | Slain by an orc wizard

Illustrated notes

Levels and vault maps discovered:
D:1:      elethiomel_arrival_maze, layout_loops_ring, basic_ecumenical_altar
D:2:      minmay_spotlight, layout_basic, minmay_fountain_box, uniq_terence
D:3:      kennysheep_goblin_castle, layout_rooms,
          mainiacjoe_overflow_cross_hatched

Skill      XL: |  1  2  3  4 |
---------------+-------------+-----
Dodging        | 2 |  2.3
Stealth        | 2 |  2.4
Fighting       | 1 |  1.4
Ice Magic      | 4 |  4.0
Spellcasting   | |  2.5

Action                   |  1- 3 |  4- 6 || total
-------------------------+-------+-------++-------
Melee: Unarmed           |    13 |       ||    13
       Staff             |    19 |       ||    19
       Rapier            |    13 |     1 ||    14
 Cast: Freeze            |    64 |     1 ||    65
       Frozen Ramparts   |       |     1 ||     1
  Use: Potion            |       |     2 ||     2
 Stab: Sleeping          |     3 |       ||     3
Armor: Robe              |    21 |     1 ||    22
Dodge: Dodged            |    83 |     5 ||    88
